 Dungeon Crawl Stone Soup version 0.22.1-1-ga44c0e56f4 (webtiles) character file.

208 Riddle the Caller (level 6, 0/44 HPs)
             Began as a Formicid Summoner on Oct 15, 2018.
             Slain by a worker ant (6 damage)
             ... on level 3 of the Dungeon.
             The game lasted 00:10:57 (3873 turns).

Riddle the Caller (Formicid Summoner)               Turns: 3873, Time: 00:10:57

Health: 0/44       AC:  3    Str: 13    XL:     6   Next: 11%
Magic:  11/11      EV: 12    Int: 15    God:
Gold:   144        SH:  4    Dex: 12    Spells: 6/11 levels left

rFire    . . .     SeeInvis +   j - +2 spear (freeze)
rCold    . . .     Gourm    .   p - +0 buckler
rNeg     . . .     Faith    .   a - +0 robe
rPois    .         Spirit   .   (helmet unavailable)
rElec    .         Reflect  .   (no cloak)
rCorr    .         Harm     .   (no gloves)
MR       .....                  r - +0 pair of boots
Stlth    ++........             (no amulet)
HPRegen  0.14/turn              n - ring of flight
MPRegen  0.12/turn              (no ring)

@: no status effects
A: permanent stasis, dig shafts and tunnels, four strong arms, antennae 3
a: Dig, Shaft Self, Evoke Flight


You were on level 3 of the Dungeon.
You were not hungry.

You visited 1 branch of the dungeon, and saw 4 of its levels.

You collected 144 gold pieces.

Inventory:

Hand Weapons
 j - a +2 spear of freezing (weapon)
Armour
 a - a +0 robe (worn)
 o - a +0 shield
 p - a +0 buckler (worn)
 r - a +0 pair of boots (worn)
Jewellery
 n - a ring of flight (left hand)
Scrolls
 d - a scroll of identify
 e - a scroll of noise {unknown}
 f - a scroll of fear {unknown}
 g - a scroll of teleportation {unknown}
 k - 3 scrolls of remove curse {unknown}
Potions
 b - a potion of haste
 h - a potion of berserk rage {unknown}
 i - 2 potions of curing {unknown}
 l - a potion of lignification {unknown}
 m - a potion of brilliance {unknown}
Comestibles
 c - 8 rations


   Skills:
 + Level 2.2 Fighting
 + Level 1.9 Polearms
 - Level 1.7 Dodging
 - Level 2.4 Stealth
 + Level 1.4 Shields
 + Level 3.4 Spellcasting
 + Level 4.8 Summonings
 + Level 1.0 Air Magic


You had 6 spell levels left.
You knew the following spells:

 Your Spells              Type           Power        Failure   Level  Hunger
a - Summon Small Mammal   Summ           ###.         3%          1    None
b - Summon Lightning Spi  Summ/Air       ##......     56%         4    ####...

Your spell library contained the following spells:

 Spells                   Type           Power        Failure   Level  Hunger
 Call Imp                 Summ           ###.....     4%          2    ##.....
 Call Canine Familiar     Summ           ###.....     10%         3    ###....
 Summon Guardian Golem    Hex/Summ       #.......     26%         3    ###....
 Summon Ice Beast         Ice/Summ       #.......     63%         4    ####...


Dungeon Overview and Level Annotations

Branches:
Dungeon (4/15)
 Temple: D:4-7

Altars:
Dithmenos


Innate Abilities, Weirdness & Mutations

You cannot be hasted, slowed, berserked, paralysed or teleported.
You can dig through walls and to a lower floor.
Your four strong arms can wield two-handed weapons with a shield.
You have a pair of large antennae on your head. (SInv)


Message History

Something bites your bat but does no damage.
You dig through the rock wall.
You feel sick. The worker ant closely misses your bat.
You dig through the rock wall.
You retract your mandibles.
The frilled lizard bites your bat.
Your bat closely misses the frilled lizard.
Your bat barely misses the frilled lizard.
You feel sick.
You are no longer poisoned.
Your bat closely misses the frilled lizard.
There is a stone staircase leading up here.
The frilled lizard bites you.
* * * LOW HITPOINT WARNING * * *
The worker ant barely misses you.
Your bat barely misses the worker ant.
You climb upwards.
There is a stone staircase leading down here.
The frilled lizard barely misses you.
You extend your mandibles.
You dig through the rock wall.
The worker ant bites you.
You die...

..# #.#.#.###.###.#
# #.###.#...#
#..##.# #
#.).......###..##.#
#
#.###.###....#.##.#
# ..###.#
#.#.##.##.# #
....#.###.#.#...#.#
..............#...#
.#.....##.###.>a###
#.#....##.#....#@#
._.#....#.#.######
#.#.......#.#
)#.....[..#.#
.........##.#
#####...###.# ##.##
#.# #.#
#.########## #.#
#..........########


You could see a worker ant.

Vanquished Creatures
  A bullfrog (D:3)
  A crimson imp (D:2)
  A hound skeleton (D:4)
  An adder (D:2)
  An ooze (D:3)
  A worm (D:3)
  6 orcs
  2 giant cockroaches
  2 goblins (D:2)
  5 hobgoblins
  A kobold (D:2)
  A quokka (D:2)
  4 bats (D:2)
  A frilled lizard (D:4)
  2 rats
30 creatures vanquished.

Vanquished Creatures (collateral kills)
  An ogre (D:4)
  A worm (D:2)
  3 orcs (D:2)
  4 goblins
  4 hobgoblins
  7 kobolds
  5 bats
  2 rats (D:1)
27 creatures vanquished.

Grand Total: 57 creatures vanquished

Notes
Turn   | Place    | Note
-------+----------+-------------------------------------------
     0 | D:1      | Riddle the Formicid Summoner began the quest for the Orb.
     0 | D:1      | Reached XP level 1. HP: 13/13 MP: 3/3
   425 | D:1      | Reached XP level 2. HP: 19/19 MP: 3/5
  1280 | D:2      | Reached XP level 3. HP: 18/25 MP: 5/7
  1459 | D:2      | Found a shadowy altar of Dithmenos.
  1537 | D:2      | Reached skill level 1 in Fighting
  1537 | D:2      | Reached skill level 1 in Polearms
  1537 | D:2      | Reached XP level 4. HP: 27/32 MP: 4/8
  1547 | D:2      | Learned a level 4 spell: Summon Lightning Spire
  2419 | D:3      | Found a faded altar of an unknown god.
  2419 | D:3      | Noticed a bullfrog
  2431 | D:3      | Killed a bullfrog
  2431 | D:3      | Reached skill level 1 in Shields
  2431 | D:3      | Reached XP level 5. HP: 19/38 MP: 6/9
  2749 | D:3      | HP: 1/38 [orc/mace (10)]
  3519 | D:4      | Noticed an ogre
  3531 | D:4      | Killed an ogre
  3531 | D:4      | Reached skill level 1 in Air Magic
  3531 | D:4      | Reached XP level 6. HP: 44/44 MP: 6/11
  3605 | D:4      | Noticed a phantom
  3873 | D:3      | Slain by a worker ant

Skill      XL: |  1  2  3  4  5 |
---------------+----------------+-----
Fighting       | 1 2 |  2.2
Polearms       | 1 |  1.9
Spellcasting   | 3 |  3.4
Shields        | 1 |  1.4
Air Magic      | 1 |  1.0
Dodging        | |  1.7
Stealth        | |  2.4
Summonings     | |  4.8

Action                   |  1- 3 |  4- 6 || total
-------------------------+-------+-------++-------
Melee: Unarmed           |     5 |       ||     5
       Spear             |    30 |    74 ||   104
 Cast: Summon Small Mamm |    38 |    75 ||   113
 Abil: Dig               |       |     2 ||     2
  Use: Scroll            |     2 |       ||     2
 Stab: Sleeping          |       |     2 ||     2
       Distracted        |       |     2 ||     2
  Eat: Chunk             |     2 |     8 ||    10
Armor: Robe              |     7 |     7 ||    14
Dodge: Dodged            |    26 |    48 ||    74
Block: Buckler           |       |     3 ||     3
